 Dungeon Crawl Stone Soup version 0.23.2-1-ga50397a (webtiles) character file.

Game seed: 10126728085177431279

5271 kae the Transmogrifier (level 10, -17/73 HPs)
             Began as a Red Draconian Transmuter on May 17, 2019.
             Was a Priest of Makhleb.
             Killed by the air
             ... invoked by Gastronok
              (27 damage)
             ... on level 8 of the Dungeon.
             The game lasted 00:10:34 (8816 turns).

kae the Transmogrifier (Red Draconian Transmuter)   Turns: 8816, Time: 00:10:35

Health: -17/73     AC:  7    Str: 12    XL:     10   Next: 36%
Magic:  11/14      EV: 12    Int: 13    God:    Makhleb [***...]
Gold:   370        SH:  0    Dex: 16    Spells: 4/15 levels left

rFire    + . .     SeeInvis .     - Unarmed
rCold    . . .     Gourm    .   (shield currently unavailable)
rNeg     . . .     Faith    .   (armour unavailable)
rPois    .         Spirit   .   (helmet restricted)
rElec    .         Reflect  .   (no cloak)
rCorr    .         Harm     .   (gloves currently unavailable)
MR       .....                  (no boots)
Stlth    ++........             (no amulet)
HPRegen  0.22/turn              g - ring of stealth
MPRegen  0.14/turn              (no ring)

@: blade hands, slowed, very slow
A: breathe fire, unfitting armour, fire resistance 1, cold-blooded, AC +7
a: Breathe Fire, End Transformation, Minor Destruction, Lesser Servant of
Makhleb, Renounce Religion


You were on level 8 of the Dungeon.
You worshipped Makhleb.
Makhleb was most pleased with you.
You were hungry.
You had blades for hands.
You visited 1 branch of the dungeon, and saw 8 of its levels.

You collected 370 gold pieces.

Inventory:

Missiles
 a - 81 arrows
Armour
 m - a +2 pair of gloves (melded)
Jewellery
 g - a ring of stealth (left scythe-like blade)
 k - the cursed ring "Zuaxuph" {+Blink rElec rN+ MR+ EV-6}
   (You found it on level 4 of the Dungeon)

   [ring of evasion]

   It affects your evasion (-6).
   It insulates you from electricity.
   It protects you from negative energy.
   It affects your resistance to hostile enchantments.
   It lets you blink.
   It has a curse placed upon it.
Wands
 j - a wand of scattershot (3)
Scrolls
 b - 6 scrolls of remove curse
 e - 2 scrolls of immolation
 f - 2 scrolls of teleportation
 h - 3 scrolls of random uselessness
 i - 2 scrolls of fog
 q - 2 scrolls of identify
 r - a scroll of magic mapping
 u - a scroll of amnesia
Potions
 d - 2 potions of resistance
 l - 3 potions of curing
 n - 2 potions of brilliance
 o - a potion of ambrosia
 p - a potion of lignification
 s - a potion of haste
 t - a potion of berserk rage
 v - a potion of might
 x - a potion of flight
Comestibles
 c - 11 rations


   Skills:
 + Level 2.1 Fighting
 - Level 1.7 Dodging
 - Level 9.2 Unarmed Combat
 * Level 3.0 Spellcasting
 - Level 12.2 Transmutations
 + Level 1.5 Invocations


You had 4 spell levels left.
You knew the following spells:

 Your Spells              Type           Power        Failure   Level  Hunger
a - Beastly Appendage     Tmut           ####..       8%          1    #......
b - Sticks to Snakes      Tmut           ####....     9%          2    ###....
c - Spider Form           Tmut/Pois      ###.......   34%         3    ###....
d - Blade Hands           Tmut           ####......   30%         5    ######.

Your spell library contained the following spells:

 Spells                   Type           Power        Failure   Level  Hunger
 Ice Form                 Ice/Tmut       ###.....     61%         4    #####..
 Poisonous Vapours        Pois/Air       #.....       77%         2    ###....
 Conjure Flame            Conj/Fire      #.......     90%         3    ###....
 Mephitic Cloud           Conj/Pois/Air  #.......     90%         3    ###....
 Freezing Cloud           Conj/Ice/Air   #.........   100%        6    #######
 Ring of Flames           Chrm/Fire      #.........   100%        7    #######


Dungeon Overview and Level Annotations

Branches:
Dungeon (8/15)             Temple (0/1) D:7
   Lair: D:8-11

Altars:
Cheibriados
Dithmenos
Elyvilon
Gozag
Makhleb
Nemelex Xobeh
Okawaru
Trog
Uskayaw
Xom
Zin

Annotations:
D:8 Gastronok


Innate Abilities, Weirdness & Mutations

You can breathe blasts of fire.
Your fiery red scales are hard. (AC +7)
You cannot fit into any form of body armour.
Your flesh is heat resistant. (rF+)
You are cold-blooded and may be slowed by cold attacks.


Message History

* * * LOW HITPOINT WARNING * * *
You barely miss the orc warrior.
You tail-slap the orc warrior, but do no damage.
You slash the orc warrior, but do no damage.
The orc warrior is severely wounded.
The orc hits you but does no damage. The orc warrior barely misses you.
There is an open door here.
You slice the orc warrior!!
You kill the orc warrior!
Makhleb accepts your kill.
Your Spellcasting skill increases to level 3!
You closely miss the orc. The orc hits you with a +0 flail.
* * * LOW HITPOINT WARNING * * *
You slash the orc!
You kill the orc!
Makhleb accepts your kill.
You feel better.
Gastronok waves his eye-stalks in wide circles.
The air twists around and strikes you!
You die...

.......#......#
########......#
............##
............#
............#
.......[...#.#....#
............._.....#+##
.......w....#.#........
#.......##+#.@........
#.......#...#.........
#.......#...#.........
#.....).#...#.........
#?......w...##+#######
#....†..#...#
#.......######
+.....$.# #.......+


You could see Gastronok.

Vanquished Creatures
  Pikel (D:3)
  Prince Ribbit (D:6)
  2 hippogriffs (D:8)
  A wyvern (D:6)
  A yak (D:7)
  3 hogs (D:7)
  A human (D:7)
  2 sky beasts
  3 orc warriors
  4 ice beasts
  A black bear (D:4)
  2 phantoms
  4 ogres
  A centaur (D:6)
  9 bullfrogs
  A scorpion (D:7)
  3 killer bees (D:7)
  2 crimson imps (D:5)
  2 bullfrog zombies
  5 hounds
  3 orc priests
  3 jellies
  4 iguanas
  2 orc wizards
  5 worker ants
  2 hound skeletons
  10 adders
  19 gnolls
  A howler monkey skeleton (D:5)
  A river rat (D:4)
  2 shadow imps
  An ooze (D:3)
  2 adder skeletons
  2 worms
  6 leopard geckos
  6 orcs
  2 ball pythons
  5 giant cockroaches
  4 goblins
  6 hobgoblins
  4 jackals
  4 quokkas
  4 bats
  A frilled lizard (D:3)
  3 kobolds
  A leopard gecko zombie (D:7)
  3 quokka skeletons
  5 rats
160 creatures vanquished.

Vanquished Creatures (collateral kills)
  An orc warrior (D:3)
1 creature vanquished.

Vanquished Creatures (others)
  3 slaves (D:4)
  3 gnolls (D:4)
  2 orcs (D:4)
8 creatures vanquished.

Grand Total: 169 creatures vanquished

Notes
Turn   | Place    | Note
-------+----------+-------------------------------------------
     0 | D:1      | kae the Draconian Transmuter began the quest for the Orb.
     0 | D:1      | Reached XP level 1. HP: 16/16 MP: 3/3
   485 | D:1      | Reached XP level 2. HP: 23/23 MP: 5/5
   495 | D:1      | Learned a level 2 spell: Sticks to Snakes
  1108 | D:2      | Reached skill level 3 in Transmutations
  1386 | D:2      | Reached XP level 3. HP: 28/28 MP: 3/6
  1647 | D:3      | Noticed an angel
  1651 | D:3      | Found a shimmering altar of Xom.
  1651 | D:3      | Found a glowing silver altar of Zin.
  1688 | D:3      | Found a burning altar of Makhleb.
  1715 | D:3      | Reached XP level 4. HP: 9/35 MP: 7/7
  1812 | D:3      | Became a worshipper of Makhleb the Destroyer
  1990 | D:3      | Learned a level 3 spell: Spider Form
  2006 | D:3      | Reached skill level 4 in Transmutations
  2564 | D:3      | Reached XP level 5. HP: 40/40 MP: 8/8
  2568 | D:3      | Found a sparkling altar of Nemelex Xobeh.
  2784 | D:3      | Found a white marble altar of Elyvilon.
  3062 | D:4      | Reached skill level 5 in Transmutations
  3116 | D:4      | Noticed a phantom
  3314 | D:4      | Noticed an orc warrior
  3344 | D:4      | Reached XP level 6. HP: 32/47 MP: 5/9
  3351 | D:4      | Noticed Pikel
  3365 | D:4      | Noticed a slave
  3369 | D:4      | Got a warped amber ring
  3494 | D:4      | Noticed a slave
  3495 | D:4      | Noticed a slave
  3496 | D:4      | Noticed a slave
  3517 | D:3      | Killed Pikel
  3517 | D:3      | Reached skill level 5 in Unarmed Combat
  3517 | D:3      | Reached skill level 7 in Transmutations
  3517 | D:3      | Your scales start taking on a fiery red colour.
  3517 | D:3      | Reached XP level 7. HP: 5/52 MP: 4/10
  3517 | D:3      | Gained mutation: Your flesh is heat resistant. (rF+) [Red
                  | Draconian growth]
  3716 | D:4      | Reached * piety under Makhleb
  4627 | D:3      | Reached skill level 8 in Transmutations
  4627 | D:3      | Reached XP level 8. HP: 21/59 MP: 7/11
  4830 | D:3      | Learned a level 5 spell: Blade Hands
  5132 | D:5      | Entered Level 5 of the Dungeon
  5136 | D:5      | Identified the cursed ring "Zuaxuph" {+Blink rElec rN+ MR+
                  | EV-6} (You found it on level 4 of the Dungeon)
  5630 | D:5      | Reached skill level 9 in Transmutations
  5849 | D:5      | Found a snail-covered altar of Cheibriados.
  5857 | D:5      | Found an opulent altar of Gozag.
  5860 | D:5      | Found an iron altar of Okawaru.
  6080 | D:6      | Reached XP level 9. HP: 31/64 MP: 9/12
  6276 | D:6      | Reached skill level 10 in Transmutations
  6369 | D:6      | Reached ** piety under Makhleb
  6523 | D:6      | Noticed Prince Ribbit
  6547 | D:6      | Killed Prince Ribbit
  6845 | D:7      | Reached skill level 11 in Transmutations
  6950 | D:7      | Found a staircase to the Ecumenical Temple.
  7051 | D:7      | Found a bloodstained altar of Trog.
  7508 | D:7      | Reached XP level 10. HP: 69/71 MP: 7/13
  7595 | D:7      | Reached skill level 12 in Transmutations
  7645 | D:7      | Found a bloodstained altar of Trog.
  7733 | D:7      | Found a staircase to the Ecumenical Temple.
  8557 | D:8      | Found a shadowy altar of Dithmenos.
  8582 | D:8      | Reached *** piety under Makhleb
  8768 | D:8      | Reached skill level 1 in Invocations
  8774 | D:8      | Found a hide-covered altar of Uskayaw.
  8797 | D:8      | Noticed Gastronok
  8816 | D:8      | Killed from afar by Gastronok

Skill      XL: |  1  2  3  4  5  6  7  8  9 10 |
---------------+-------------------------------+-----
Transmutations | 3 4 5 7 8 9 11 12 | 12.2
Unarmed Combat | 4 5 6 7 8 9 |  9.2
Invocations    | 1 |  1.5
Fighting       | 2 |  2.1
Spellcasting   | 3 |  3.0
Dodging        | |  1.7

Action                   |  1- 3 |  4- 6 |  7- 9 | 10-12 || total
-------------------------+-------+-------+-------+-------++-------
Melee: Unarmed           |    93 |   156 |   355 |    84 ||   688
       Headbutt          |     5 |     4 |     1 |       ||    10
       Tailslap          |     3 |    10 |    33 |     8 ||    54
       Punch             |     3 |     1 |    11 |     3 ||    18
       Kick              |     3 |     5 |     1 |       ||     9
 Cast: Beastly Appendage |    12 |     5 |     3 |       ||    20
       Sticks to Snakes  |     2 |     4 |     6 |       ||    12
       Spider Form       |       |     7 |    15 |     2 ||    24
       Blade Hands       |       |       |     4 |     4 ||     8
 Abil: Breathe Fire      |       |       |    11 |     1 ||    12
Evoke: Wand              |       |       |     2 |       ||     2
  Use: Scroll            |     8 |       |     6 |     3 ||    17
       Potion            |     1 |     5 |       |       ||     6
 Stab: Sleeping          |     1 |     3 |     7 |     1 ||    12
       Distracted        |       |       |     1 |     1 ||     2
  Eat: Chunk             |     3 |     6 |    10 |     6 ||    25
       Ration            |       |       |     3 |       ||     3
Armor: Skin              |    42 |    39 |    64 |    10 ||   155
Dodge: Dodged            |    60 |   105 |   221 |    55 ||   441
